 Dungeon Crawl Stone Soup version 0.28-a0-850-g09de17f5b5 (webtiles) character file.

Game seed: 9216317543349837340

10756 BinkBink the Grappler (level 11, -6/91 HPs)
             Began as a Ghoul Monk on Nov 14, 2021.
             Was the Champion of Cheibriados.
             Mangled by Snorg (14 damage)
             ... on level 10 of the Dungeon.
             The game lasted 00:27:59 (14349 turns).

BinkBink the Grappler (Ghoul Monk)                 Turns: 14349, Time: 00:28:00

Health: -6/91      AC: 19    Str: 33 (34) XL:     11   Next: 67%
Magic:  10/10      EV: 14    Int: 16 (20) God:    Cheibriados [******]
Gold:   553        SH:  0    Dex: 24 (26) Spells: 10/10 levels left

rFire   . . .      SeeInvis +     - Unarmed
rCold   + . .      Faith    .   (no shield)
rNeg    + + +      Spirit   .   H - +0 plate armour
rPois   ∞          Reflect  .   c - +0 helmet
rElec   .          Harm     .   p - +0 cloak
rCorr   .          Rampage  .   r - +0 pair of gloves
Will    .....                   (no boots)
Stlth   ..........              (no amulet)
HPRegen 0.00/turn               k - +4 ring of evasion
MPRegen 0.12/turn               G - ring of see invisible

@: inhibited regen, studying Earth Magic, very slow
A: claws 1, cold resistance 1, negative energy resistance 3, inhibited
regeneration, torment resistance 2
a: Renounce Religion, Bend Time, Temporal Distortion, Slouch, Step From Time


You were on level 10 of the Dungeon.
You worshipped Cheibriados.
Cheibriados was exalted by your worship.
You visited 2 branches of the dungeon, and saw 11 of its levels.

You collected 696 gold pieces.
You spent 143 gold pieces at shops.

Inventory:

Missiles
 J - 12 throwing nets
Armour
 a - a +0 robe
 c - a +0 helmet (worn)
 e - a +0 ring mail
 p - a +0 cloak (worn)
 r - a +0 pair of gloves (worn)
 H - a +0 plate armour (worn)
Magical Staves
 y - a staff of cold
Jewellery
 k - a +4 ring of evasion (left hand)
 v - a +6 ring of strength
 G - a ring of see invisible (right hand)
 L - a ring of ice
Wands
 j - a wand of flame (56)
 o - a wand of acid (9)
 x - a wand of mindburst (6)
 D - a wand of iceblast (12)
 E - a wand of paralysis (10) (quivered)
Scrolls
 b - a scroll of acquirement {unknown}
 d - a scroll of enchant weapon
 g - 2 scrolls of identify
 h - 2 scrolls of teleportation
 i - 2 scrolls of fear
 l - a scroll of holy word
 m - 2 scrolls of noise
 n - a scroll of silence
 q - a scroll of brand weapon {unknown}
 s - a scroll of blinking {unknown}
 u - a scroll of enchant armour
 w - a scroll of immolation {unknown}
 B - a scroll of magic mapping
 K - 4 scrolls of amnesia {unknown}
 N - a scroll of fog {unknown}
Potions
 f - 4 potions of heal wounds
 t - 3 potions of invisibility
 z - a potion of attraction
 I - 2 potions of brilliance
 O - 2 potions of might


   Skills:
 + Level 6.4 Fighting
 * Level 11.1 Armour
 - Level 2.6 Dodging
 - Level 2.1 Stealth
 + Level 13.9 Unarmed Combat
 - Level 0.5 Evocations


You had 10 spell levels left.
You didn't know any spells.
Your spell library contained the following spells:

 Spells                   Type           Power      Damage    Failure   Level
 Animate Skeleton         Necr           0%         N/A       82%         1
 Apportation              Tloc           0%         N/A       82%         1
 Magic Dart               Conj           0%         1d3       82%         1
 Sandblast                Erth           0%         2d4       82%         1
 Slow                     Hex            0%         N/A       82%         1
 Summon Small Mammal      Summ           0%         N/A       82%         1
 Searing Ray              Conj           0%         2d4       91%         2
 Static Discharge         Conj/Air       0%         N/A       91%         2
 Confusing Touch          Hex            0%         N/A       99%         3
 Ignite Poison            Fire/Tmut/Pois 0%         N/A       99%         3
 Vampiric Draining        Necr           0%         2d6       99%         3
 Fulminant Prism          Conj/Hex       0%         3d6       100%        4
 Olgreb's Toxic Radiance  Pois           0%         N/A       100%        4
 Lightning Bolt           Conj/Air       0%         1d11      100%        5
 Maxwell's Capacitive Co  Air            0%         ∞         100%        8


Dungeon Overview and Level Annotations

Branches:
Dungeon (10/15)            Temple (1/1) D:6            Lair (0/6) D:10
    Orc: D:9-12

Altars:
Ashenzari
Cheibriados
Dithmenos
Elyvilon
Fedhas
Gozag
Hepliaklqana
Kikubaaqudgha
Makhleb
Nemelex Xobeh
Okawaru
Qazlal
Ru
Trog
Uskayaw
Vehumet
Wu Jian
Xom
Yredelemnul
Zin
The Shining One

Shops:
D:4 (*[=

Annotations:
D:2 Sigmund
D:10 Snorg


Innate Abilities, Weirdness & Mutations

You thrive by killing the living.
You are immune to poison.
You have sharp fingernails.
Your flesh is cold resistant. (rC+)
You are immune to negative energy. (rN+++)
You do not regenerate when monsters are visible.
You are immune to unholy pain and torment.


Message History

The orc wizard hits you with a +0 dagger.
The orc hits you but does no damage.
You closely miss the orc. You punch the orc.
You kill the orc!
Cheibriados thoroughly appreciates the change of pace.
You feel better.
The orc wizard hits you but does no damage.
You hit the orc wizard but do no damage.
You pummel the orc wizard!!
You kill the orc wizard!
Cheibriados appreciates the change of pace.
You pummel Snorg!! Your punch misses Snorg.
Snorg is moderately wounded.
You pummel Snorg!!
Snorg is heavily wounded.
Snorg goes berserk!
You barely miss Snorg.
Snorg is heavily wounded.
Snorg bites you but does no damage. Snorg claws you.
Snorg claws you but does no damage.
You hit Snorg but do no damage. You punch Snorg.
Snorg is heavily wounded.
Snorg closely misses you. Snorg claws you but does no damage. Snorg claws you.
You barely miss Snorg. You punch Snorg.
Snorg is heavily wounded.
Snorg bites you!! Snorg completely misses you.
Snorg claws you but does no damage.
You punch Snorg!
Snorg is heavily wounded.
Snorg bites you! Snorg claws you but does no damage. Snorg claws you!
Snorg bites you but does no damage. Snorg claws you but does no damage.
Snorg barely misses you.
You feel much better. Snorg bites you! Snorg claws you!
* * * LOW HITPOINT WARNING * * *
Snorg claws you!!
* * * LOW HITPOINT WARNING * * *
You hit Snorg.
Snorg is severely wounded.
Snorg bites you!
You die...

#.....##..#.g......≈...#
#.....##.#......##.≈..#
#.....##..#).?).g#.≈.# ..
#.....##...........≈.##
...##.....##........(..≈..##
....###.###.....))..(......#
........)...)......)........
.............))..÷)..........
............@T)#........≈....
........))....##........≈≈...
...........####..........≈≈≈.
............# ##...........≈≈
#......÷...###...g...o.....≈
#..#.###.......#.##.........
#.... #...........#......
#....###...#.............
#....#.##÷.#........^... ..


You could see Snorg (berserk).

Vanquished Creatures
  A hydra (D:10)
  A centaur warrior (D:8)
  A two-headed ogre (D:6)
  A skeletal warrior (D:8)
  A centaur zombie (D:10)
  Psyche (D:9)
  A troll (D:9)
  Grinder (D:3)
  A wraith (D:9)
  Eustachio (D:5)
  14 yaks
  Edmund (D:5)
  2 water moccasins (D:7)
  7 orc warriors
  A sky beast (D:8)
  An ice beast (D:5)
  An ogre (D:4)
  6 centaurs
  A phantom (D:4)
  Blork the orc (D:4)
  7 kobold brigands
  A bullfrog (D:8)
  4 gnoll sergeants
  A scorpion (D:5)
  A water moccasin skeleton (D:5)
  5 killer bees (D:7)
  12 wights (D:8)
  An electric eel (D:7)
  A howler monkey (D:9)
  2 bullfrog zombies (D:6)
  8 hounds
  6 orc priests
  Crazy Yiuf (D:3)
  4 gnoll shamans (D:10)
  2 jellies (D:6)
  A bullfrog skeleton (D:5)
  Jessica (D:3)
  Ijyb (D:4)
  An iguana (D:3)
  5 orc wizards
  2 hound skeletons
  39 gnolls
  A howler monkey skeleton (D:5)
  10 adders
  3 white imps
  2 dart slugs (D:3)
  26 orcs
  3 bats (D:1)
  10 endoplasms
  A giant cockroach (D:1)
  4 goblins
  6 hobgoblins
  10 jackals
  3 quokkas
  4 ball pythons
  6 frilled lizards
  47 kobolds
  A rat (D:3)
288 creatures vanquished.

Vanquished Creatures (collateral kills)
  A gnoll sergeant (D:10)
1 creature vanquished.

Vanquished Creatures (others)
  10 withered plants
10 creatures vanquished.

Grand Total: 299 creatures vanquished

Notes
Turn   | Place    | Note
-------+----------+-------------------------------------------
     0 | D:1      | BinkBink the Ghoul Monk began the quest for the Orb.
     0 | D:1      | Reached XP level 1. HP: 19/19 MP: 0/0
   369 | D:1      | Reached XP level 2. HP: 26/26 MP: 1/1
   875 | D:1      | Reached XP level 3. HP: 25/33 MP: 2/2
  1441 | D:2      | Reached skill level 1 in Armour
  1441 | D:2      | Reached skill level 4 in Unarmed Combat
  1549 | D:2      | Reached XP level 4. HP: 30/40 MP: 3/3
  1643 | D:2      | Found a faded altar of an unknown god.
  1753 | D:2      | Noticed Sigmund
  2337 | D:3      | Noticed Jessica
  2351 | D:3      | Killed Jessica
  2580 | D:3      | Noticed Grinder
  2606 | D:3      | Killed Grinder
  2607 | D:3      | Reached skill level 5 in Unarmed Combat
  2607 | D:3      | Reached XP level 5. HP: 13/46 MP: 4/4
  2607 | D:3      | Reached XP level 6. HP: 15/52 MP: 5/5
  3009 | D:3      | Found a runed translucent door.
  3010 | D:3      | Noticed Crazy Yiuf
  3395 | D:4      | Found Igojoixt's Antique Weapon Emporium.
  3457 | D:4      | Found Niykk's General Store.
  3472 | D:4      | Bought a potion of invisibility for 104 gold pieces
  3472 | D:4      | Bought a scroll of teleportation for 39 gold pieces
  3620 | D:4      | Noticed Ijyb
  3931 | D:3      | Killed Crazy Yiuf
  4379 | D:4      | Found Dumaitar's Jewellery Shop.
  4484 | D:4      | Reached XP level 7. HP: 55/59 MP: 6/6
  5182 | D:4      | Found Ukec's Armour Shoppe.
  5283 | D:4      | Reached skill level 6 in Unarmed Combat
  5519 | D:4      | Noticed Blork the orc
  5535 | D:4      | Killed Blork the orc
  5710 | D:4      | Reached skill level 5 in Armour
  5770 | D:4      | Killed Ijyb
  6061 | D:5      | Entered Level 5 of the Dungeon
  6102 | D:5      | Reached skill level 7 in Unarmed Combat
  6110 | D:5      | Reached XP level 8. HP: 49/67 MP: 7/7
  6278 | D:5      | Noticed Edmund
  6490 | D:5      | Killed Edmund
  7111 | D:5      | Noticed Eustachio
  7136 | D:5      | Killed Eustachio
  7137 | D:5      | Reached skill level 8 in Unarmed Combat
  7648 | D:6      | Found a staircase to the Ecumenical Temple.
  7656 | Temple   | Entered the Ecumenical Temple
  7673 | Temple   | Became a worshipper of Cheibriados the Contemplative
  7673 | Temple   | Reached * piety under Cheibriados
  7673 | Temple   | Reached ** piety under Cheibriados
  7802 | D:6      | Found a sparkling altar of Nemelex Xobeh.
  7965 | D:6      | Noticed a two-headed ogre
  8608 | D:6      | Killed a two-headed ogre
  8609 | D:6      | Reached skill level 5 in Fighting
  8609 | D:6      | Reached skill level 9 in Unarmed Combat
  8609 | D:6      | Reached XP level 9. HP: 74/74 MP: 8/8
  9181 | D:7      | Found a basalt altar of Yredelemnul.
  9259 | D:7      | Reached *** piety under Cheibriados
  9260 | D:7      | Reached skill level 10 in Unarmed Combat
  9535 | D:7      | Found a burning altar of Makhleb.
  9535 | D:7      | Found an iron altar of Okawaru.
 10361 | D:8      | Reached XP level 10. HP: 54/81 MP: 9/9
 10448 | D:8      | Reached **** piety under Cheibriados
 10756 | D:8      | Reached skill level 11 in Unarmed Combat
 11360 | D:8      | Noticed a centaur warrior
 11366 | D:8      | Killed a centaur warrior
 11366 | D:8      | Noticed a skeletal warrior
 11376 | D:8      | Killed a skeletal warrior
 11377 | D:8      | Reached skill level 10 in Armour
 11614 | D:8      | Reached ***** piety under Cheibriados
 11623 | D:8      | Reached skill level 12 in Unarmed Combat
 11995 | D:9      | Reached XP level 11. HP: 58/89 MP: 10/10
 12315 | D:9      | Noticed Psyche
 12333 | D:9      | Killed Psyche
 12469 | D:9      | Found an ancient bone altar of Kikubaaqudgha.
 13022 | D:10     | Entered Level 10 of the Dungeon
 13276 | D:10     | Reached ****** piety under Cheibriados
 13315 | D:10     | Reached skill level 13 in Unarmed Combat
 13333 | D:10     | Found a staircase to the Lair.
 13582 | D:10     | Noticed an eight-headed hydra
 13590 | D:10     | Killed an eight-headed hydra
 13909 | D:10     | Got the Papyrus of the Toxic Rocks
 14335 | D:10     | Noticed Snorg
 14349 | D:10     | Mangled by Snorg

Illustrated notes

Levels and vault maps discovered:
D:1:      lemuel_arrival_river_ford, layout_loops_ring, bh_walls_and_bars
D:2:      layout_basic, hellmonk_ecumenical_altar_pennies_from_heaven,
          uniq_sigmund
D:3:      layout_loops_ring, amcnicky_mini_rare_corridor_liquid, uniq_jessica,
          uniq_grinder, uniq_crazy_yiuf_cottage
D:4:      layout_cave_pods, serial_shops, nicolae_shop_stone,
          nicolae_shop_statue_plus, shop, nicolae_stop_n_shop_2,
          uniq_blork_the_orc, uniq_ijyb
D:5:      layout_cave_pods, tgw_sif, uniq_edmund, uniq_eustachio
D:6:      layout_layer_cave, nemelex_diamond_rough_becter,
          minmay_temple_entry_butterflies, hangedman_glass_teeth,
          kennysheep_nub, minmay_misc_feat_iff
D:7:      layout_loops_ring, yredelemnul_altar_generic, minitemple,
          fountainhead, chequers_decorated_corner
D:8:      layout_loops_ring, minmay_small_thing
D:9:      layout_loops_ring, kiku_gazebo_garden_becter,
          kennysheep_generic_room_16, uniq_psyche
D:10:     layout_big_octagon, lair_entry_dummy, serial_gnoll_camp,
          gnoll_camp_medium_02, gnoll_camp_medium_01, gnoll_camp_mini_sergeant,
          gnoll_camp_huts_moat, gnoll_camp_mini_basic, uniq_snorg
Temple:   nicolae_temple_no_exploring_needed

Skill      XL: |  1  2  3  4  5  6  7  8  9 10 11 |
---------------+----------------------------------+-----
Armour         | 1 3 4 5 7 8 10 11 | 11.1
Unarmed Combat | 4 5 7 9 10 12 13 | 13.9
Fighting       | 4 5 6 |  6.4
Dodging        | |  2.6
Stealth        | |  2.1
Evocations     | |  0.5

Action                   |  1- 3 |  4- 6 |  7- 9 | 10-12 || total
-------------------------+-------+-------+-------+-------++-------
Melee: Unarmed           |   132 |   148 |   365 |   489 ||  1134
       Punch             |       |     3 |    12 |    54 ||    69
Evoke: Wand              |       |       |     3 |       ||     3
  Use: Scroll            |       |     2 |       |    10 ||    12
       Potion            |       |     3 |     2 |     6 ||    11
 Stab: Sleeping          |     3 |     1 |     1 |       ||     5
       Distracted        |       |     1 |       |       ||     1
       Paralysed         |       |       |     3 |       ||     3
Armor: Robe              |     6 |       |       |       ||     6
       Ring mail         |    49 |    45 |    99 |       ||   193
       Plate armour      |       |       |    18 |   260 ||   278
Dodge: Dodged            |    88 |    74 |   271 |   364 ||   797

Table legend: (Time is in decaauts)
 A = Elapsed time spent in this place.
 B = Non-inter-level travel time spent in this place.
 C = Inter-level travel time spent in this place.
 D = Time resting spent in this place.
 E = Time spent auto-exploring this place.
 F = Levels seen in this place.
 G = Mean time per level.
                   A        B        C        D        E       F      G
               +--------+--------+--------+--------+--------+-----+--------+
         Total |  16465 |  15528 |    937 |      0 |  12825 |  11 | 1496.8 |
       Dungeon |  16436 |  15527 |    909 |      0 |  12825 |  10 | 1643.6 |
        Temple |     29 |      2 |     27 |      0 |      0 |   1 |   29.0 |
               +--------+--------+--------+--------+--------+-----+--------+

Top non-repeatable levels by time:
     D:3: 2186 daAuts
     D:8: 2176 daAuts
     D:7: 1938 daAuts
     D:9: 1714 daAuts
     D:4: 1617 daAuts
     D:5: 1614 daAuts
    D:10: 1602 daAuts
     D:1: 1325 daAuts
     D:6: 1276 daAuts
     D:2: 985 daAuts
  Temple: 29 daAuts
